 Dungeon Crawl Stone Soup version 0.30-a0-341-g682706514a (webtiles) character file.

Game seed: 2036583133014461752

87816 koil the Spry (level 15, -13/81 HPs)
             Began as a Spriggan Enchanter on Nov 3, 2022.
             Was the Champion of Wu Jian.
             Killed from afar by a shock serpent (17 damage)
             ... with a bolt of electricity
             ... on level 1 of the Snake Pit.
             The game lasted 03:25:24 (31271 turns).

koil the Spry (Spriggan Enchanter)                 Turns: 31271, Time: 03:25:27

Health: -13/81     AC: 18    Str:  4    XL:     15   Next: 44%
Magic:  35/35      EV: 31    Int: 26    God:    Wu Jian [******]
Gold:   1751       SH:  5    Dex: 19    Spells: 6/44 levels left

rFire   + . .      SeeInvis +    b - +2 arbalest (flame)
rCold   + + +      Faith    .    (shield currently unavailable)
rNeg    . . .      Spirit   .    V - +4 skin of Zhor {*Englaciate rC+++ SInv}
rPois   +          Reflect  +    w - +3 hat of the Shoals {Int+7}
rElec   .          Harm     .    A - +2 cloak {rCorr}
rCorr   +          Rampage  .    (gloves unavailable)
Will    ++...                    (boots unavailable)
Stlth   +++++.....               k - amulet of reflection
HPRegen 0.33/turn                E - +4 ring of protection
MPRegen 0.24/turn                h - ring of poison resistance

@: exhausted, unable to drink, very quick
A: very small, no large weapons, unfitting armour, see invisible, speed 3,
iridescent scales 1, dopey 1, fire resistance 1, inability to drink after injury
1
a: Renounce Religion, Wall Jump, Serpent's Lash, Heavenly Storm


You were on level 1 of the Snake Pit.
You worshipped Wu Jian.
Wu Jian was exalted by your worship.
You visited 5 branches of the dungeon, and saw 21 of its levels.
You also visited: Ossuary and Ice Cave.

You collected 2291 gold pieces.
You spent 540 gold pieces at shops.

Inventory:

Hand Weapons
 a - a +4 dagger of venom
 b - a +2 arbalest of flaming (weapon)
 X - a +3 dagger of protection
Missiles
 f - 3 throwing nets
 l - 24 poisoned darts
Armour
 i - a +2 robe of fire resistance
 v - a +2 cloak of poison resistance
 w - the +3 hat of the Shoals (worn) {Int+7}
   (You acquired it in the Ecumenical Temple)

   Int:       It affects your intelligence (+7).
 A - a +2 cloak of preservation (worn)
 P - a +2 robe of willpower
 V - the +4 skin of Zhor (worn) {*Englaciate rC+++ SInv}
   (You found it in an ice cave)

   It radiates cold, occasionally slowing all nearby creatures who are not
   resistant to cold.
   rC:        It renders you almost immune to cold.
   SInv:      It lets you see invisible.
Jewellery
 h - a ring of poison resistance (right hand)
 k - an amulet of reflection (around neck)
 x - a ring of fire
 D - a ring of willpower
 E - a +4 ring of protection (left hand)
 H - a ring of wizardry
Wands
 p - a wand of roots (28)
 F - a wand of mindburst (4)
 G - a wand of paralysis (7)
 M - a wand of light (19)
Scrolls
 g - 5 scrolls of blinking
 n - 6 scrolls of butterflies
 r - 5 scrolls of identify
 y - 2 scrolls of vulnerability
 z - 5 scrolls of fear
 B - a scroll of magic mapping
 C - 4 scrolls of teleportation
 I - 3 scrolls of poison
 J - 6 scrolls of torment
 N - a scroll of silence
Potions
 c - 3 potions of invisibility
 e - a potion of berserk rage
 m - 5 potions of heal wounds
 o - a potion of cancellation
 q - 8 potions of curing
 t - 5 potions of haste
 u - 4 potions of resistance
 L - 7 potions of brilliance
 S - a potion of ambrosia
 T - 2 potions of lignification
 W - 2 potions of flight


   Skills:
 + Level 10.8 Fighting
 - Level 10.4 Short Blades
 + Level 7.3 Ranged Weapons
 + Level 16.5 Dodging
 - Level 10.4 Stealth
 - Level 15.0 Spellcasting
 - Level 5.0 Conjurations
 - Level 8.0 Hexes
 + Level 2.3 Ice Magic
 + Level 5.2 Air Magic
 - Level 5.0 Poison Magic


You had 6 spell levels left.
You knew the following spells:

 Your Spells              Type           Power      Damage    Failure   Level
a - Dazzling Flash        Conj/Hex       100%       N/A       1%          3
b - Confusing Touch       Hex            57%        N/A       1%          3
c - Ensorcelled Hibernat  Hex/Ice        92%        N/A       1%          2
d - Olgreb's Toxic Radia  Pois           45%        N/A       3%          4
e - Vhi's Electric Charg  Tloc/Air       66%        N/A       2%          3
f - Arcjolt               Conj/Air       23%        1d33      10%         5
g - Lightning Bolt        Conj/Air       23%        1d38      10%         5
h - Silence               Hex/Air        26%        N/A       4%          5
i - Freezing Cloud        Conj/Ice/Air   20%        6-21      14%         5
j - Ignite Poison         Fire/Tmut/Pois 28%        N/A       4%          3

Your spell library contained the following spells:

 Spells                   Type           Power      Damage    Failure   Level
 Sting                    Tmut/Pois      100%       1d8       1%          1
 Cigotuvi's Dreadful Rot  Necr/Pois/Air  74%        N/A       1%          2
 Poisonous Vapours        Pois/Air       92%        N/A       1%          2
 Static Discharge         Conj/Air       92%        2-6/arc   1%          2
 Mephitic Cloud           Conj/Pois/Air  45%        N/A       1%          3
 Summon Guardian Golem    Hex/Summ       40%        N/A       1%          3
 Tukima's Dance           Hex            57%        N/A       1%          3
 Summon Small Mammal      Summ           76%        N/A       2%          1
 Ozocubu's Armour         Ice            31%        N/A       3%          3
 Call Canine Familiar     Summ           19%        N/A       9%          3
 Gell's Gravitas          Tloc           19%        N/A       9%          3
 Lesser Beckoning         Tloc           38%        N/A       9%          3
 Teleport Other           Tloc           19%        N/A       9%          3
 Sticky Flame             Conj/Fire      32%        2d5       10%         4
 Animate Armour           Summ/Erth      38%        N/A       26%         4
 Animate Dead             Necr           19%        N/A       26%         4
 Conjure Ball Lightning   Conj/Air       23%        3x3d6     45%         6
 Agony                    Necr           19%        N/A       58%         5
 Blade Hands              Tmut           9%         N/A       58%         5
 Iron Shot                Conj/Erth      16%        9d4       83%         6
 Simulacrum               Ice/Necr       12%        N/A       95%         6
 Haunt                    Necr/Summ      9%         N/A       100%        7
 Ozocubu's Refrigeration  Ice            15%        4d10      100%        7
 Discord                  Hex            28%        N/A       100%        8
 Disjunction              Tloc           9%         N/A       100%        8
 Ignition                 Fire           9%         3d5       100%        8
 Infestation              Necr           9%         N/A       100%        8
 Polar Vortex             Ice            15%        N/A       100%        9


Dungeon Overview and Level Annotations

Branches:
Dungeon (12/15)            Temple (1/1) D:6            Lair (5/5) D:10
 Shoals (0/4) Lair:3        Snake (1/4) Lair:2        Slime (0/5) Lair:4
    Orc (2/2) D:12            Elf (0/3) Orc:2       Ossuary (visited)
  IceCv (visited)

Altars:
Ashenzari
Cheibriados
Dithmenos
Elyvilon
Fedhas
Gozag
Hepliaklqana
Kikubaaqudgha
Makhleb
Nemelex Xobeh
Okawaru
Qazlal
Ru
Sif Muna
Trog
Uskayaw
Vehumet
Wu Jian
Xom
Yredelemnul
Zin
The Shining One
Jiyva

Shops:
D:9 [   D:10 [   Orc:1 =   Orc:2 *::[(

Annotations:
D:6 3 runed translucent doors, McGhostyFace's ghost, novice GnWn; bakla's ghost, novice DEEE; jejorda2's ghost, novice MfBe; kd29's ghost, novice DsTm
D:11 1 runed translucent door


Innate Abilities, Weirdness & Mutations

You are very small and have problems with some larger weapons.
You are too small for most types of armour.
You have supernaturally acute eyesight. (SInv)
You cover ground extremely quickly. (Speed+++)
You are partially covered in iridescent scales. (AC +2)
You are dopey. (Int -2)
Your flesh is heat resistant. (rF+)
You occasionally lose the ability to drink potions when taking damage.


Message History

There is an open door here.
There is an open door here.
An anaconda comes into view.
You lunge at the anaconda.
The helpless anaconda fails to defend itself.
You skewer the anaconda like a kebab!!!!
You kill the anaconda!
The Council accepts your kill.
You open the door.
Found a brown potion.
A shock serpent comes into view.
The shock serpent hisses angrily.
Your +4 dagger of venom stops dripping with poison.
Your +2 arbalest of flaming bursts into flame!
b - a +2 arbalest of flaming (weapon)
You shoot a bolt.
The bolt barely misses the shock serpent.
You radiate an aura of cold.
The shock serpent resists.
The shock serpent shoots out a bolt of lightning at you!
The bolt of electricity hits you!!
Unknown command.
Casting: Arcjolt (dangerous; 10% risk of failure)
Confirm with . or Enter, or press ? or * to list all spells.
Okay, then.
You radiate an aura of cold.
The shock serpent seems to slow down.
Your muscles tense, ready for explosive movement...
Your supernatural speed expires.
You shoot a bolt. The bolt hits the shock serpent!!
The bolt burns the shock serpent!
The shock serpent is heavily wounded.
The shock serpent's electric aura discharges, shocking you!
You radiate an aura of cold.
The shock serpent seems to slow down.
The shock serpent bites you! The shock serpent shocks you!
* * * LOW HITPOINT WARNING * * *
The shock serpent shoots out a bolt of lightning at you!
The bolt of electricity hits you!!
You feel threatened and lose the ability to drink potions!
* * * LOW HITPOINT WARNING * * *
The bolt of electricity hits you!
You die...

#.. #.....# #..
##.....# #.. ##......#
#.. ........#########
#.. ........##......#
#.. #......##......#
##..
#....S##...########...
#....@.....####.......
#.!..○................
#....☼................
######################


You could see a shock serpent (slow).

Vanquished Creatures
  A frost giant (IceCv)
  A dire elephant (Lair:5)
  Fannar (D:11)
  4 hydras
  An anaconda (Snake:1)
  A catoblepas (Lair:2)
  2 boulder beetles
  A two-headed ogre (D:9)
  Erica (Orc:1)
  15 death yaks
  2 shock serpents (Snake:1)
  An orc high priest (Orc:1)
  Urug (Lair:3)
  A fire crab (Lair:4)
  A lindwurm (Lair:2)
  Pikel (D:6)
  2 manticores (D:12)
  2 oklob plants
  3 orc knights
  3 ugly things
  3 cyclopes
  An orc sorcerer (Orc:1)
  17 elephants
  2 merfolk sirens (Lair:3)
  An ice statue (IceCv)
  5 black mambas
  3 naga magi (Snake:1)
  15 cane toads
  An unseen horror (D:12)
  11 komodo dragons
  4 rime drakes
  5 trolls
  7 hornets
  2 merfolk (Lair:3)
  Grinder (D:3)
  18 polar bears
  6 slime creatures (D:12)
  27 blink frogs
  13 dream sheep
  A water elemental (D:12)
  Sigmund (D:4)
  A vampire (D:12)
  14 spriggans (Lair:5)
  6 wyverns
  63 yaks
  4 vampire mosquitoes (D:10)
  2 basilisks
  4 steam dragons
  Menkaure (D:7)
  3 wargs
  2 acid dragons (D:11)
  4 nagas
  9 water moccasins
  Duvessa (D:6)
  2 black bears (Lair:5)
  35 orc warriors
  2 ice beasts
  10 ogres
  2 sky beasts
  4 boggarts
  45 wolves
  14 centaurs
  A phantom (D:6)
  3 kobold brigands
  A necrophage (D:6)
  Blork the orc (D:6)
  10 bullfrogs
  A gnoll sergeant (D:7)
  6 water moccasin zombies (Ossuary)
  2 scorpions
  Dowan (D:6)
  6 electric eels
  4 vampire bats (Lair:3)
  8 jellies
  10 orc priests
  4 hounds
  Crazy Yiuf (D:7)
  26 orc wizards
  2 mummies (Ossuary)
  9 gnolls
  8 adders
  13 shadow imps
  10 white imps
  4 ufetubi
  7 adder zombies (Ossuary)
  3 worms
  3 dart slugs
  79 orcs
  10 ball pythons
  21 endoplasms
  3 giant cockroaches
  6 goblins
  7 hobgoblins
  3 jackals (D:1)
  3 quokkas
  4 bats
  2 frilled lizards
  2 gnoll zombies (Ossuary)
  4 hobgoblin zombies (Ossuary)
  22 kobolds
  6 kobold zombies (Ossuary)
  8 orc zombies (Ossuary)
  8 rats
749 creatures vanquished.

Vanquished Creatures (others)
  An adder (D:5)
  10 demonic plants (D:5)
  44 fungi
  49 plants
104 creatures vanquished.

Grand Total: 853 creatures vanquished

Notes
Turn   | Place    | Note
-------+----------+-------------------------------------------
     0 | D:1      | koil the Spriggan Enchanter began the quest for the Orb.
     0 | D:1      | Reached XP level 1. HP: 9/9 MP: 5/5
   141 | D:1      | Reached XP level 2. HP: 14/14 MP: 6/6
   145 | D:1      | Reached skill level 3 in Dodging
   496 | D:1      | Reached XP level 3. HP: 17/17 MP: 8/8
   825 | D:2      | Found a faded altar of an unknown god.
   881 | D:2      | Reached XP level 4. HP: 21/21 MP: 9/9
   907 | D:2      | Reached skill level 1 in Fighting
   907 | D:2      | Reached skill level 5 in Stealth
   988 | D:2      | Found a snail-covered altar of Cheibriados.
  1468 | D:3      | Noticed Grinder
  1550 | D:3      | Learned a level 3 spell: Dazzling Flash
  1554 | D:3      | Learned a level 3 spell: Confusing Touch
  1557 | D:3      | Learned a level 2 spell: Ensorcelled Hibernation
  1720 | D:3      | Reached XP level 5. HP: 25/25 MP: 11/11
  1832 | D:3      | Killed Grinder
  1833 | D:3      | Reached skill level 4 in Dodging
  1833 | D:3      | Reached XP level 6. HP: 27/30 MP: 10/13
  2437 | D:4      | Noticed Sigmund
  2442 | D:4      | Killed Sigmund
  2443 | D:4      | Reached skill level 5 in Hexes
  2443 | D:4      | Reached XP level 7. HP: 35/35 MP: 14/14
  2643 | D:4      | Found a glowing silver altar of Zin.
  2787 | D:5      | Entered Level 5 of the Dungeon
  3012 | D:4      | Reached skill level 5 in Dodging
  3542 | D:4      | HP: 1/35 [gnoll/+0 spear (3)]
  4417 | D:5      | Reached skill level 5 in Spellcasting
  4973 | D:5      | Reached XP level 8. HP: 35/39 MP: 16/16
  4984 | D:5      | Learned a level 2 spell: Poisonous Vapours
  5407 | D:5      | Reached skill level 1 in Poison Magic
  5420 | D:5      | Reached skill level 6 in Dodging
  5811 | D:6      | Found a hazy altar of Hepliaklqana.
  5951 | D:6      | Noticed Blork the orc
  5958 | D:6      | Killed Blork the orc
  5959 | D:6      | Reached skill level 5 in Short Blades
  6008 | D:6      | Reached XP level 9. HP: 45/45 MP: 15/19
  6116 | D:6      | Noticed Pikel
  6141 | D:6      | Killed Pikel
  6142 | D:6      | Reached skill level 7 in Dodging
  6406 | D:6      | Noticed Duvessa
  6406 | D:6      | Noticed Dowan
  6408 | D:6      | Killed Duvessa
  6420 | D:6      | Killed Dowan
  6552 | D:6      | Found a sand-covered staircase.
  6558 | Ossuary  | Entered an ossuary
  7029 | D:6      | Found a staircase to the Ecumenical Temple.
  7069 | D:6      | Found a runed translucent gate.
  7075 | D:6      | Found a runed translucent gate.
  7075 | D:6      | Found a runed translucent gate.
  7075 | D:6      | Noticed bakla's ghost (novice DEEE)
  7079 | D:6      | Noticed kd29's ghost (novice DsTm)
  7080 | D:6      | Noticed McGhostyFace's ghost (novice GnWn)
  7080 | D:6      | Noticed jejorda2's ghost (novice MfBe)
  7339 | Temple   | Entered the Ecumenical Temple
  7528 | Temple   | Became a worshipper of the Wu Jian Council
  7583 | Temple   | Identified a scroll of acquirement
  7636 | Temple   | Acquired the +3 hat of the Shoals {Int+7}
  7872 | D:7      | Noticed Menkaure
  7891 | D:7      | Killed Menkaure
  8208 | D:7      | Found a runed translucent door.
  8209 | D:7      | Noticed Crazy Yiuf
  8245 | D:7      | You fall into a shaft and drop 2 floors!
  8253 | D:9      | Found an opulent altar of Gozag.
  8261 | D:9      | Found Eseuveuguts's Armour Shoppe.
  8290 | D:9      | Reached skill level 10 in Stealth
  8290 | D:9      | Reached XP level 10. HP: 51/51 MP: 21/21
  8326 | D:9      | Reached skill level 8 in Dodging
  8666 | D:7      | Reached * piety under Wu Jian
  8957 | D:7      | Found a faded altar of an unknown god.
  8957 | D:7      | Found the Hermit's Pendant {Faith Invo=14 Evo=0 MP+5}
  9240 | D:7      | Killed Crazy Yiuf
  9896 | D:9      | Noticed a two-headed ogre
  9901 | D:9      | Killed a two-headed ogre
  9906 | D:9      | Learned a level 3 spell: Vhi's Electric Charge
  9912 | D:9      | Learned a level 5 spell: Arcjolt
  9918 | D:9      | Learned a level 5 spell: Lightning Bolt
 10104 | D:9      | Reached skill level 5 in Fighting
 10138 | D:9      | Reached skill level 1 in Air Magic
 10426 | D:9      | Reached skill level 5 in Poison Magic
 10761 | D:10     | Entered Level 10 of the Dungeon
 10772 | D:10     | Reached skill level 9 in Dodging
 10779 | D:10     | Reached ** piety under Wu Jian
 10905 | D:10     | Reached XP level 11. HP: 56/56 MP: 17/24
 10972 | D:10     | Found a staircase to the Lair.
 11087 | D:10     | Found a white marble altar of Elyvilon.
 11346 | D:10     | Found Cheibriados's Comfort Zone.
 11348 | D:10     | Found a snail-covered altar of Cheibriados.
 12226 | D:11     | Noticed Fannar
 12286 | D:11     | Killed Fannar
 12287 | D:11     | Reached skill level 10 in Dodging
 12464 | D:11     | Learned a level 5 spell: Silence
 12573 | D:11     | Noticed a deep elf pyromancer
 12573 | D:11     | Noticed a skeletal warrior
 12575 | D:11     | Noticed a skeletal warrior
 12587 | D:11     | Noticed an anaconda
 12587 | D:11     | Found the +7 mace of Variability {chain chaos}
 12589 | D:11     | Found a runed translucent door.
 12604 | D:11     | an anaconda changed into a spark wasp
 12604 | D:11     | Noticed a spark wasp (glowing shapeshifter)
 12612 | D:11     | a spark wasp changed into an ice dragon
 12612 | D:11     | Noticed an ice dragon (glowing shapeshifter)
 13156 | D:11     | a faun changed into a mana viper
 13156 | D:11     | Noticed a mana viper (glowing shapeshifter)
 13168 | D:11     | Noticed a deep troll
 13627 | D:11     | Noticed a shining eye
 13628 | D:11     | a shining eye changed into an eye of devastation
 13630 | D:11     | Noticed a boulder beetle
 13643 | D:11     | a black mamba changed into a harpy
 13643 | D:11     | Noticed a harpy (glowing shapeshifter)
 13910 | D:12     | Noticed a red ugly thing
 13915 | D:12     | Killed a red ugly thing
 14228 | D:12     | Noticed a brown ugly thing
 14238 | D:12     | Reached skill level 10 in Spellcasting
 14240 | D:12     | Killed a brown ugly thing
 14274 | D:12     | Reached skill level 11 in Dodging
 14419 | D:12     | Reached XP level 12. HP: 55/62 MP: 24/27
 14560 | D:12     | Found a staircase to the Orcish Mines.
 14607 | D:12     | Noticed a boulder beetle
 14832 | D:12     | Killed a boulder beetle
 14833 | D:12     | Reached skill level 5 in Air Magic
 14845 | D:12     | Reached *** piety under Wu Jian
 15189 | Lair:1   | Entered Level 1 of the Lair of Beasts
 16345 | Lair:2   | Noticed a five-headed hydra
 16369 | Lair:2   | Reached skill level 12 in Dodging
 16376 | Lair:2   | Killed a five-headed hydra
 16378 | Lair:2   | Reached **** piety under Wu Jian
 16379 | Lair:2   | Reached skill level 10 in Short Blades
 16397 | Lair:2   | Noticed a five-headed hydra
 16400 | Lair:2   | Noticed a catoblepas
 16427 | Lair:2   | Killed a five-headed hydra
 16583 | Lair:2   | Killed a catoblepas
 16629 | Lair:2   | Found a staircase to the Snake Pit.
 16658 | Lair:2   | Found a frozen archway.
 16677 | IceCv    | Entered an ice cave
 16795 | IceCv    | Reached skill level 13 in Dodging
 16817 | IceCv    | Reached XP level 13. HP: 46/68 MP: 4/30
 17467 | IceCv    | Reached ***** piety under Wu Jian
 17614 | IceCv    | Found the +4 skin of Zhor {*Englaciate rC+++ SInv}
 17657 | IceCv    | Noticed a frost giant
 18137 | IceCv    | Killed a frost giant
 18283 | IceCv    | Learned a level 4 spell: Olgreb's Toxic Radiance
 18405 | Lair:2   | Reached skill level 14 in Dodging
 18610 | Lair:2   | Reached skill level 1 in Ranged Weapons
 18610 | Lair:2   | Reached skill level 1 in Conjurations
 19801 | Lair:2   | Identified the +4 ring mail of the Stone Wall {Harm rC+
                  | Str+2}
 20603 | Temple   | Gained mutation: You are weak. (Str -2) [potion of
                  | mutation]
 20603 | Temple   | Gained mutation: You are partially covered in iridescent
                  | scales. (AC +2) [potion of mutation]
 20603 | Temple   | Gained mutation: You are dopey. (Int -2) [potion of
                  | mutation]
 20603 | Temple   | Gained mutation: Your flesh is heat resistant. (rF+)
                  | [potion of mutation]
 20604 | Temple   | Lost mutation: You are dopey. (Int -2) [potion of mutation]
 20604 | Temple   | Lost mutation: You are weak. (Str -2) [potion of mutation]
 20604 | Temple   | Gained mutation: You are dopey. (Int -2) [potion of
                  | mutation]
 20604 | Temple   | Gained mutation: You occasionally lose the ability to drink
                  | potions when taking damage. [potion of mutation]
 20913 | Lair:3   | Noticed Urug
 20919 | Lair:3   | Killed Urug
 21082 | Lair:3   | Found a staircase to the Shoals.
 21204 | Lair:3   | Reached XP level 14. HP: 44/75 MP: 11/32
 22266 | Lair:4   | Found a bloodstained altar of Trog.
 22485 | Lair:4   | Found a viscous altar of Jiyva.
 22487 | Lair:4   | Found a staircase to the Slime Pits.
 22856 | Lair:4   | Reached skill level 15 in Dodging
 23735 | Lair:5   | Entered Level 5 of the Lair of Beasts
 23792 | Lair:5   | Reached ****** piety under Wu Jian
 24321 | Lair:5   | Reached skill level 10 in Fighting
 24325 | Lair:5   | Reached skill level 5 in Ranged Weapons
 25113 | Lair:5   | Paralysed by a hornet for 2 turns
 26080 | Lair:5   | Reached XP level 15. HP: 81/81 MP: 25/34
 26677 | Lair:5   | HP: 2/81 [death yak (13)]
 27053 | Lair:5   | Reached skill level 16 in Dodging
 28221 | Orc:1    | Entered Level 1 of the Orcish Mines
 28552 | D:12     | Reached skill level 5 in Conjurations
 28558 | D:12     | Learned a level 5 spell: Freezing Cloud
 28748 | Orc:1    | Noticed Erica
 28760 | Orc:1    | Reached skill level 15 in Spellcasting
 28765 | Orc:1    | Killed Erica
 28766 | Orc:1    | Found Dekic's Jewellery Shop.
 29099 | Orc:2    | Entered Level 2 of the Orcish Mines
 29170 | Orc:2    | Found a staircase to the Elven Halls.
 29318 | Orc:2    | Reached skill level 1 in Ice Magic
 29518 | Orc:2    | Found Mior's Book Boutique.
 29518 | Orc:2    | Found Miughoj's Armour Emporium.
 29520 | Orc:2    | Found Cipnan Yshro's Weapon Shoppe.
 29522 | Orc:2    | Found Qanira Ygin's Book Shop.
 29771 | Orc:2    | Found Ruabon's General Store.
 30176 | Orc:2    | Bought an Everburning Encyclopedia for 540 gold pieces
 30180 | Orc:2    | Learned a level 3 spell: Ignite Poison
 30629 | Snake:1  | Entered Level 1 of the Snake Pit
 30954 | Snake:1  | HP: 4/81 [shock serpent/bolt of electricity (30)]
 31271 | Snake:1  | HP: 4/81 [shock serpent/bolt of electricity (20)]
 31271 | Snake:1  | Killed from afar by a shock serpent

Illustrated notes

Levels and vault maps discovered:
D:1:      minmay_arrival_four_loops, layout_basic
D:2:      layout_rooms, shapermc_ecumenical_altar_mp_highgroup, basic_altar,
          minmay_split_cup_small
D:3:      layout_rooms, minmay_misc_feat_columns, uniq_grinder
D:4:      layout_cave_pods, zin_statuary, minmay_misc_feat_rows,
          grunt_decor_cap, uniq_sigmund
D:5:      layout_rooms, serial_demonic, serial_demonic_a, serial_demonic_g,
          serial_demonic_d, serial_demonic_a, serial_demonic_g,
          serial_demonic_e, serial_demonic_b, serial_demonic_g,
          serial_demonic_b, serial_demonic_b, minmay_between
D:6:      layout_loops_ring, nicolae_hepliaklqana_hazy_memory,
          minmay_temple_entry_nine_rooms, gammafunk_ghost_cemetery,
          enter_ossuary_3, amcnicky_mini_corridor_feature, uniq_blork_the_orc,
          uniq_pikel, uniq_duvessa
D:7:      layout_cave_pools, hellmonk_guarded_unrand_hermit, uniq_menkaure,
          uniq_crazy_yiuf_cottage
D:8:      layout_basic
D:9:      layout_cave_pools, nicolae_gozag_seed_capital, serial_shops,
          nicolae_shop_advertising_works [nicolae_subvault_shop_adworks],
          serial_bayou_lagoon_b
D:10:     layout_loops_corners, mainiacjoe_overflow_cross_hatched,
          dpeg_oklobed_lair, hex_medium, nicolae_eternal_life, minivault_27,
          minmay_shop_chei
D:11:     layout_basic, abandoned_shop, minmay_st_funbox, grunt_ministairs_3,
          uniq_fannar
D:12:     layout_big_octagon, orc_0_dummy
Temple:   nicolae_temple_bog_church
Lair:1:   lemuel_slime, layout_hall_layers, chequers_serial_rivers_micro_e
Lair:2:   nzn_winding_woodlands_large [nzn_winding_woodlands_5x5_default,
          nzn_winding_woodlands_5x15_pockets,
          nzn_winding_woodlands_5x5_closed_star,
          nzn_winding_woodlands_center_triple_pond,
          nzn_winding_woodlands_15x15_eel_pit,
          nzn_winding_woodlands_center_garden,
          nzn_winding_woodlands_5x5_default, nzn_winding_woodlands_5x15_jagged,
          nzn_winding_woodlands_hourglass], layout_cave_pods,
          minmay_snake_entry_guardpost_small, portal_ice_cave_entry_pillars_2,
          grunt_forest_stairs_basic, lemuel_fruit_tree
Lair:3:   layout_big_grid, elwin_shoals_entry_stream, roderic_batcave, uniq_urug
Lair:4:   layout_gridlike, minmay_slime_entry_oklob_enclosed, basic_altar,
          grunt_forest_small_clearing_treed, grunt_megastairs_2
Lair:5:   minmay_lair_end_enchanted_forest, layout_regular_city,
          hangedman_lair_generics_rect
Snake:1:  layout_grid_maze
Orc:1:    layout_caves, serial_shops, nicolae_shop_trees, uniq_erica
Orc:2:    st_orc_rangers, layout_caves, basic_altar, serial_shops,
          nicolae_lakefront_shop

Skill      XL: |  1  2  3  4  5  6  7  8  9 10 11 12 13 14 15 |
---------------+----------------------------------------------+-----
Dodging        | 3 4 5 6 7 9 11 13 14 15 16 | 16.5
Spellcasting   | 3 4 5 6 7 8 10 12 13 14 15 | 15.0
Hexes          | 4 5 6 7 8 |  8.0
Fighting       | 1 2 3 4 5 6 8 9 10 | 10.8
Short Blades   | 2 3 4 5 6 7 8 10 | 10.4
Stealth        | 5 6 7 8 10 | 10.4
Poison Magic   | 2 4 5 |  5.0
Air Magic      | 2 4 5 |  5.2
Ranged Weapons | 3 6 7 |  7.3
Conjurations   | 2 4 5 |  5.0
Ice Magic      | 2 |  2.3

Action                   |  1- 3 |  4- 6 |  7- 9 | 10-12 | 13-15 || total
-------------------------+-------+-------+-------+-------+-------++-------
Melee: Dagger            |   152 |   167 |   996 |   635 |  1258 ||  3208
       Punch             |     1 |     3 |    17 |     3 |    14 ||    38
 Fire: Arbalest          |       |       |       |       |   147 ||   147
 Cast: Confusing Touch   |       |     1 |    13 |    10 |    17 ||    41
       Ensorcelled Hiber |       |       |    33 |   196 |   300 ||   529
       Dazzling Flash    |       |       |    20 |     2 |       ||    22
       Poisonous Vapours |       |       |     1 |       |       ||     1
       Vhi's Electric Ch |       |       |       |     3 |     1 ||     4
       Arcjolt           |       |       |       |       |    69 ||    69
       Olgreb's Toxic Ra |       |       |       |       |     8 ||     8
       Lightning Bolt    |       |       |       |       |     6 ||     6
       Freezing Cloud    |       |       |       |       |     1 ||     1
Invok: Lunge             |       |       |     6 |    46 |    66 ||   118
       Whirlwind         |       |       |       |    37 |   216 ||   253
       Serpent's Lash    |       |       |       |       |     1 ||     1
       Heavenly Storm    |       |       |       |       |     1 ||     1
Evoke: Wand              |       |       |       |     6 |    19 ||    25
  Use: Potion            |       |     2 |     1 |     3 |     3 ||     9
       Scroll            |       |       |    25 |     6 |     6 ||    37
 Stab: Sleeping          |     6 |    13 |    44 |   130 |   117 ||   310
       Invisible         |       |     1 |    14 |     4 |     2 ||    21
       Confused          |       |     2 |     9 |     8 |    26 ||    45
       Distracted        |       |     1 |     1 |     1 |     4 ||     7
Armor: Robe              |    23 |    18 |   112 |    97 |    21 ||   271
       Animal skin       |       |       |       |       |   165 ||   165
Dodge: Dodged            |   128 |    95 |   672 |   396 |   991 ||  2282
Block: Other             |       |    25 |   191 |    91 |   217 ||   524
       Reflection        |       |       |     9 |     1 |    10 ||    20

Table legend: (Time is in decaauts)
 A = Elapsed time spent in this place.
 B = Non-inter-level travel time spent in this place.
 C = Inter-level travel time spent in this place.
 D = Time resting spent in this place.
 E = Time spent auto-exploring this place.
 F = Levels seen in this place.
 G = Mean time per level.
                   A        B        C        D        E       F      G
               +--------+--------+--------+--------+--------+-----+--------+
         Total |  23823 |  22042 |   1781 |   6998 |   8165 |  23 | 1035.8 |
       Dungeon |  11713 |  10526 |   1187 |   2262 |   5241 |  12 |  976.1 |
        Temple |    394 |    351 |     43 |     65 |     91 |   1 |  394.0 |
          Lair |   8448 |   7994 |    454 |   3407 |   2389 |   5 | 1689.6 |
     Snake Pit |    533 |    533 |      0 |    376 |      0 |   1 |  533.0 |
  Orcish Mines |   1216 |   1120 |     96 |    265 |    442 |   2 |  608.0 |
       Ossuary |    244 |    244 |      0 |      0 |      0 |   1 |  244.0 |
      Ice Cave |   1272 |   1272 |      0 |    622 |      0 |   1 | 1272.0 |
               +--------+--------+--------+--------+--------+-----+--------+

Top non-repeatable levels by time:
  Lair:5: 2892 daAuts
  Lair:2: 2242 daAuts
     D:4: 2075 daAuts
  Lair:4: 1532 daAuts
     D:6: 1466 daAuts
    D:12: 1346 daAuts
   IceCv: 1272 daAuts
     D:5: 1116 daAuts
    D:10: 1108 daAuts
    D:11: 1009 daAuts
  Lair:1: 1000 daAuts
     D:9: 874 daAuts
     D:7: 805 daAuts
  Lair:3: 780 daAuts
   Orc:1: 637 daAuts
